 Dungeon Crawl Stone Soup version 0.31.0-9-g3a7656b989 (webtiles) character file.

Game seed: 8944496291821064463

35 qw the Shooter (level 3, -4/18 HPs)
             Began as a Spriggan Hunter on Feb 2, 2024.
             Killed from afar by Robin (9 damage)
             ... with a puff of flame
             ... on level 2 of the Dungeon.
             The game lasted 00:00:04 (920 turns).

qw the Shooter (Spriggan Hunter)                     Turns: 920, Time: 00:00:04

Health: -4/18      AC:  2    Str:  7    XL:     3   Next: 17%
Magic:  4/4        EV: 19    Int: 10    God:
Gold:   79         SH:  0    Dex: 20    Spells: 2/2 levels left

rFire   . . .        a - +0 shortbow
rCold   . . .        (shield currently unavailable)
rNeg    + . .        c - +0 robe
rPois   .            (helmet restricted)
rElec   .            (no cloak)
rCorr   .            (gloves unavailable)
SInv    +            (boots unavailable)
Will    .....        (no amulet)
Stlth   ++           i - ring of positive energy
HPRegen 0.23/turn    (no ring)
MPRegen 0.09/turn

%: no passive effects
@: very quick
A: very small, no large weapons, unfitting armour, see invisible, speed 3
a: no special abilities


You were on level 2 of the Dungeon.
You visited 1 branch of the dungeon, and saw 2 of its levels.

You collected 79 gold pieces.


Innate Abilities, Weirdness & Mutations

You are very small and have problems with some larger weapons.
You are too small for most types of armour.
You have supernaturally acute eyesight. (SInv)
You cover ground extremely quickly. (Speed+++)


   Skills:
 - Level 1.5 Fighting
 + Level 4.5 Ranged Weapons
 - Level 4.0 Dodging
 - Level 1.5 Stealth


You had 2 spell levels left.
You didn't know any spells.
Your spell library was empty.

Inventory:

Hand Weapons
 a - a +0 shortbow (weapon)
Armour
 c - a +0 robe (worn)
Jewellery
 i - a ring of positive energy (left hand)
Scrolls
 b - 3 scrolls of poison {unknown}
 f - 2 scrolls of teleportation
Potions
 d - a potion of enlightenment {unknown}
 e - a potion of haste
 h - a potion of might
 j - a potion of degeneration {unknown}

Dungeon Overview and Level Annotations

Branches:
Dungeon (2/15)

Altars:

Annotations:
D:2 Natasha, Robin


Message History

The goblin shoots a sling bullet.
The sling bullet closely misses you.
Natasha, Servant of Life and Death comes into view.
Natasha hisses angrily.
You shoot an arrow. The arrow misses the goblin.
Robin shouts!
The arrow hits Robin but does no damage.
Robin roars a battlecry!
The goblins go into a battle-frenzy!
A hobgoblin comes into view.
The goblin shoots a sling bullet.
The sling bullet barely misses you.
The hobgoblin shouts!
You hear a shout! x3
You shoot an arrow. The arrow hits the goblin!
You kill the goblin!
Robin zaps a wand.
The puff of flame misses you.
The goblin shoots a sling bullet.
The sling bullet barely misses you.
You shoot an arrow. The arrow hits the goblin.
You kill the goblin!
A hobgoblin comes into view. x2
The goblin shoots a sling bullet.
The sling bullet closely misses you.
Natasha howls an incantation.
Natasha's front paws start to glow.
Natasha casts a spell at you. The magic dart hits you!
Ouch! That really hurt!
A goblin comes into view. It is wielding a +0 dagger.
A hobgoblin comes into view. x2
The hobgoblin moves out of view.
You hear a shout!
You shoot an arrow. The hobgoblin shouts!
The arrow hits Natasha.
Natasha is moderately wounded.
You shoot an arrow.
The arrow hits Natasha but does no damage.
Natasha is moderately wounded.
The goblin shoots a sling bullet.
The sling bullet hits you.
Robin zaps a wand.
The puff of flame hits you!
Ouch! That really hurt!
You die...
Robin calls out, "Let's celebrate!
Time for a feast!"

#.....#....[....# #.#
#.....#.######### #.#
#### #.......# #.# ...#
#.......#############.##
...#
#.....#................#
...#
####..#'################
#######............#
#....#..........#
####.####.......@..#
..##.# #..........#
..#..# #.......hg.#
..#.## ###..........
....#######.......).g.
....................gg..
..###.#####........g.gg.
.....<# #.............
..#####


You could see Robin, Natasha, 4 hobgoblins and 2 goblins.

Vanquished Creatures
  A dart slug (D:1)
  6 bats
  4 endoplasms
  A giant cockroach (D:2)
  3 goblins
  4 hobgoblins (D:1)
  3 frilled lizards (D:1)
  7 kobolds
  2 rats
31 creatures vanquished.

Notes
Turn   | Place    | Note
-------+----------+-------------------------------------------
     0 | D:1      | qw the Spriggan Hunter began the quest for the Orb.
     0 | D:1      | Reached XP level 1. HP: 10/10 MP: 2/2
     0 | D:1      | 0 ||| qw: Version: 0.3-a-155-g5e7d8dd
     0 | D:1      | 0 ||| qw: Game counter: 1000
     0 | D:1      | 0 ||| qw: Melee chars always use a shield: true
     0 | D:1      | 0 ||| qw: God list: Okawaru
     0 | D:1      | 0 ||| qw: Allow faded altars: false
     0 | D:1      | 0 ||| qw: Do Orc after clearing Dungeon:15 true
     0 | D:1      | 0 ||| qw: Do second Lair branch before Depths: true
     0 | D:1      | 0 ||| qw: Lair rune preference: random
     0 | D:1      | 0 ||| qw: Goals: Normal
     0 | D:1      | 0 ||| PLANNING D:1-11
    44 | D:1      | Reached skill level 3 in Dodging
   139 | D:1      | Reached XP level 2. HP: 14/14 MP: 3/3
   582 | D:1      | 582 ||| UPGRADING to ring of positive energy.
   583 | D:1      | 583 ||| READING 2 scrolls labelled LEZOWA UTWI.
   583 | D:1      | 583 ||| IDENTIFYING pink potion
   584 | D:1      | 584 ||| READING scroll of identify.
   584 | D:1      | 584 ||| IDENTIFYING fizzy silvery potion
   585 | D:1      | 585 ||| READING 3 scrolls labelled ROOJIL SOPRI.
   589 | D:1      | 589 ||| READING 2 scrolls labelled AFRUIGHU LYCK.
   590 | D:1      | 590 ||| DROPPING scroll of butterflies.
   591 | D:1      | 591 ||| DROPPING scroll of blinking.
   644 | D:2      | Reached XP level 3. HP: 18/18 MP: 4/4
   915 | D:2      | Noticed Robin
   915 | D:2      | Noticed Natasha
   920 | D:2      | Killed from afar by Robin

Levels and vault maps discovered:
D:1:      amcnicky_arrival_feature_with_door, layout_rooms,
          nicolae_figureground_sparkle
D:2:      layout_basic, uniq_natasha, uniq_robin

Skill      XL: |  1  2 |
---------------+-------+-----
Dodging        | 3 4 |  4.0
Fighting       | |  1.5
Ranged Weapons | |  4.5
Stealth        | |  1.5

Action                     || total
---------------------------++-------
   Fire: Shortbow          ||    93
    Use: Scroll            ||     4
 Armour: Robe              ||    17
  Dodge: Dodged            ||    52

Table legend:
 A = Non-vault XP
 B = Vault XP
 C = Vault XP percentage of total XP
 D = Non-vault monster count
 E = Vault monster count
 F = Vault count percentage of total count
                 A         B        C        D         E       F
            +---------+---------+-------+---------+---------+-------
      Total |      47 |       4 |   7.8 |      29 |       2 |   6.5
            +---------+---------+-------+---------+---------+-------
        D:1 |      35 |       0 |   0.0 |      20 |       0 |   0.0
        D:2 |      12 |       4 |  25.0 |       9 |       2 |  18.2
            +---------+---------+-------+---------+---------+-------
